Map: Ruins of Seras

Players

Matiz

  • Race: Zerg Zerg
  • League: Master

Dragon - Winner!

  • Race: Terran Terran
  • League: Master

Event: Lycan League Weekly August #1

VOD

Have the link to the VOD?

Description

Time

  • Played on: Aug. 3, 2015, 1:11 p.m.
  • Length: 10:18

All games in this series

Show
View Real Time Build Order
Export as new Build Order

Matiz Zerg 

Build Orders: Hatch First, Muta Ling Bane 

Get SALT Encoding   

  12  0:01  Drone  
  13  0:13  Overlord  
  13  0:18  Drone  
  14  0:24  Drone, Extractor  
  15  0:33  Drone  
  16  0:36  Drone  
  17  0:49  Drone  
  18  0:57  Hatchery  
  18  1:00  Drone  
  18  1:13  Spawning Pool  
  18  1:15  Drone  
  18  1:19  Drone  
  19  1:30  Drone  
  20  1:41  Overlord, Extractor  
  19  2:00  Queen  
  19  2:01  Zergling x2  
  22  2:05  Drone  
  23  2:10  Queen  
  23  2:11  Drone  
  23  2:12  Drone  
  27  2:22  Overlord  
  27  2:24  Drone  
  28  2:34  Overlord  
  28  2:45  Zergling x2  
  28  2:46  Lair  
  28  2:47  Drone  
  28  2:48  Drone  
  31  2:53  Drone  
  31  2:57  Drone  
  33  3:03  Drone  
  34  3:05  Drone  
  34  3:10  Drone x4  
  39  3:14  Queen  
  39  3:15  Overlord  
  39  3:17  Extractor  
  39  3:19  Metabolic Boost  
  40  3:22  Drone  
  40  3:23  Extractor  
  40  3:25  Drone  
  41  3:35  Drone x3, Spine Crawler  
  41  3:39  Extractor  
  42  3:42  Drone x3  
  42  3:45  Drone  
  46  3:53  Drone  
  46  3:54  Drone x3  
  50  4:07  Drone, Overlord x2  
  51  4:12  Spire  
  48  4:17  Zergling x2  
  48  4:18  Overlord  
  48  4:19  Drone x2  
  48  4:21  Drone  
  52  4:25  Drone x2  
  52  4:26  Drone  
  55  4:36  Drone x3  
  55  4:37  Overseer  
  55  4:38  Spore Crawler  
  57  4:41  Queen  
  57  4:43  Drone  
  60  4:50  Zergling x2  
  60  4:51  Zergling x4  
  63  4:53  Zergling x6  
  63  4:55  Zergling x2  
  64  5:02  Zergling x4  
  64  5:03  Drone x3  
  64  5:09  Drone  
  64  5:11  Drone x2  
  67  5:27  Mutalisk  
  67  5:28  Mutalisk x2  
  69  5:31  Overlord  
  69  5:32  Mutalisk  
  75  5:39  Overlord  
  74  5:51  Mutalisk x3  
  80  5:59  Mutalisk x4  
  88  6:08  Hatchery  
  87  6:17  Mutalisk, Baneling Nest  
  87  6:18  Evolution Chamber x2  
  87  6:23  Overlord  
  86  6:29  Mutalisk x2  
  86  6:32  Drone x3  
  91  6:36  Overlord  
  91  6:40  Overlord  
  91  6:44  Zerg Melee Weapons Level 1  
  91  6:49  Zerg Ground Armor Level 1  
  91  6:50  Overlord  
  71  7:16  Drone x13  
  71  7:19  Corruptor  
  71  7:22  Centrifical Hooks  
  86  7:33  Corruptor x2  
  90  7:40  Corruptor  
  90  7:44  Drone x4  
  94  7:48  Extractor  
  94  7:49  Extractor  
  94  7:52  Corruptor  
  94  7:53  Zergling x2  
  94  7:54  Zergling x10  
  94  7:58  Corruptor  
  104  8:10  Overlord  
  104  8:11  Baneling x3  
  104  8:12  Baneling x2  
  104  8:22  Hatchery  
  104  8:26  Corruptor x2  
  107  8:28  Zergling x14  
  107  8:29  Zergling x2  
  107  8:31  Baneling x2  
  107  8:32  Baneling x2  
  115  8:45  Zergling x16  
  123  8:49  Overlord  
  123  8:52  Overseer  
  123  8:53  Overseer  
  123  8:55  Zergling x4  
  123  9:03  Zergling x10  
  123  9:06  Overlord x2  
  109  9:18  Zergling x2  
  109  9:19  Zergling x18  
  102  9:28  Zergling x2  
  102  9:29  Zergling x4  
  102  9:30  Baneling  
  102  9:31  Baneling x6  
  105  9:37  Baneling x2  
  105  9:38  Zergling x2  
  100  9:41  Zergling x2  
  100  9:42  Zergling x2  
  87  9:55  Zergling x4  
Show
View Real Time Build Order
Export as new Build Order

Dragon Terran - Winner!

Build Orders: Liberator Opening, MMM Bio 

Get SALT Encoding   

  12  0:00  SCV  
  13  0:13  SCV  
  14  0:18  Supply Depot  
  14  0:25  SCV  
  15  0:40  SCV  
  16  0:42  Barracks  
  16  0:52  SCV  
  17  1:04  SCV  
  18  1:16  SCV  
  19  1:20  Command Center  
  19  1:29  Marine  
  19  1:31  Orbital Command  
  20  1:40  Refinery  
  20  1:43  Refinery  
  20  1:47  Marine  
  20  1:52  Supply Depot  
  21  1:59  SCV  
  22  2:05  Marine  
  23  2:14  SCV  
  24  2:26  SCV  
  24  2:27  Factory  
  25  2:32  Orbital Command  
  25  2:38  Barracks Reactor, SCV  
  26  2:51  SCV, Bunker  
  27  2:59  SCV, Supply Depot  
  27  3:03  SCV  
  29  3:13  Starport  
  29  3:18  SCV x2  
  31  3:21  Barracks Reactor  
  31  3:22  Supply Depot  
  31  3:24  Hellion x2  
  35  3:29  Refinery  
  35  3:34  Armory  
  35  3:35  SCV x2  
  37  3:46  Hellion, Liberator  
  37  3:47  SCV x2  
  41  3:55  Hellion  
  43  3:57  Supply Depot  
  43  4:05  Liberator  
  46  4:14  SCV  
  46  4:15  SCV  
  55  4:24  Widow Mine x2  
  55  4:26  SCV  
  55  4:27  Supply Depot  
  55  4:28  Barracks Tech Lab  
  55  4:30  SCV  
  57  4:38  SCV  
  57  4:44  Terran Ship Weapons Level 1  
  57  4:45  Refinery  
  58  4:48  Marine  
  58  4:52  SCV x2  
  61  4:53  Liberator  
  59  5:00  Liberator  
  57  5:08  SCV  
  57  5:11  SCV  
  58  5:16  Command Center, Engineering Bay  
  58  5:18  Widow Mine x2  
  58  5:20  SCV  
  66  5:23  Marine  
  66  5:26  SCV  
  68  5:30  Stimpack  
  68  5:36  SCV, Barracks  
  68  5:38  SCV  
  68  5:42  Marine  
  71  5:43  Liberator  
  71  5:48  SCV, Missile Turret  
  72  5:50  Supply Depot, SCV  
  72  5:51  Terran Infantry Weapons Level 1, Missile Turret  
  72  5:54  Engineering Bay  
  72  5:55  Liberator  
  73  6:03  SCV x2  
  78  6:11  Marine  
  82  6:19  Barracks  
  82  6:23  Barracks  
  82  6:29  Factory Tech Lab  
  82  6:31  Liberator  
  83  6:32  SCV  
  83  6:36  SCV  
  83  6:37  Liberator  
  85  6:40  Orbital Command  
  85  6:41  Marine x2  
  85  6:46  Marauder  
  88  6:49  SCV x2  
  88  6:53  Terran Infantry Armor Level 1  
  88  6:54  Supply Depot x2  
  93  6:55  Supply Depot  
  96  7:02  SCV  
  94  7:08  SCV  
  94  7:10  Orbital Command  
  94  7:13  Marine x2  
  94  7:14  SCV  
  96  7:19  Siege Tank  
  96  7:21  Barracks Reactor  
  98  7:23  Barracks Reactor  
  98  7:24  Barracks, Marine  
  98  7:26  SCV x2  
  98  7:27  Barracks  
  101  7:31  Marine x2  
  101  7:36  SCV  
  104  7:38  SCV x2  
  104  7:42  Marine, Medivac x2  
  111  7:44  Combat Shields  
  111  7:48  SCV  
  111  7:49  Marine x2  
  111  7:50  SCV x2  
  116  7:53  Supply Depot  
  116  7:54  Supply Depot  
  116  7:56  Terran Infantry Weapons Level 2  
  116  8:00  SCV, Marine  
  116  8:01  Marine x2  
  116  8:02  SCV, Refinery, Marine x2  
  116  8:03  Refinery  
  123  8:07  Marine x2  
  123  8:09  Supply Depot x2  
  125  8:15  Siege Tank  
  125  8:16  Terran Vehicle Weapons Level 1  
  128  8:21  Marine x3  
  128  8:22  Barracks Tech Lab, Marine  
  128  8:23  Marauder  
  128  8:24  Barracks Reactor, Marine  
  128  8:25  Marine  
  136  8:36  Command Center, SCV, Missile Turret  
  136  8:37  Sensor Tower  
  136  8:38  SCV x2, Marine x2  
  136  8:39  Marine  
  136  8:40  Marine  
  143  8:42  Marine  
  143  8:46  Marine x2  
  143  8:47  Marine  
  147  8:54  Concussive Shells  
  147  8:56  Marine x3  
  150  9:05  Marauder x2  
  154  9:14  Marine x2  
  138  9:18  Marine  
  138  9:20  Marine x4  
  138  9:21  Marine  
  133  9:26  Marauder x2  
  133  9:27  Medivac x2  
  141  9:32  Marine x2  
  141  9:36  Marine  
  141  9:37  Marine  
  141  9:38  Marine x3  
  147  9:39  Marine  
  147  9:40  Siege Tank  
  147  9:41  SCV x3  
  152  9:47  Marine x2  
  152  9:50  Marine x2  
  150  9:54  Marine  
  150  9:55  Marine x2  
  150  9:56  Marine x2  
  150  9:57  Marine  

Tags
 
Add a new tag
Caveats
  • Supply blocks, unpowered buildings, or Contaminate may cause inaccurate times.
  • Supply counts are checked every 10 seconds.